 Dungeon Crawl Stone Soup version 0.15.2 (webtiles) character file.

1020 Khodoque the Basher (level 8, 0/46 HPs)
             Began as a Gargoyle Fighter on Dec 16, 2014.
             Was an Initiate of Okawaru.
             Killed by an exploding giant spore (26 damage)
             ... on Level 7 of the Dungeon.
             The game lasted 00:17:59 (5397 turns).

Khodoque the Basher (Gargoyle Fighter)              Turns: 5397, Time: 00:18:00

HP   0/46        AC 19     Str 20      XL: 8   Next: 22%
MP   8/8         EV  5     Int  9      God: Okawaru [......]
Gold 27          SH  9     Dex 11      Spells:  0 memorised,  7 levels left

rFire  . . .     SeeInvis .     m - +2 whip (freeze)
rCold  . . .     Clarity  .     q - +0 chain mail
rNeg   + . .     rCorr    .     c - +0 shield
rPois  +         rRot     +     j - +2 helmet
rElec  +         Spirit   .     (no cloak)
SustAb .         Warding  .     n - +1 pair of gloves
rMut   .         Stasis   .     (no boots)
Gourm  .                        (no amulet)
MR     .....                    (no ring)
                                (no ring)

@: not resistant to hostile enchantments, extremely unstealthy
A: negative energy resistance 1, electricity resistance, unbreathing,
petrification resistance, rot immunity, AC +5
a: Renounce Religion


You were on level 7 of the Dungeon.
You worshipped Okawaru.
Okawaru was noncommittal.
You were not hungry.

You visited 2 branches of the dungeon, and saw 8 of its levels.

You collected 144 gold pieces.
You spent 117 gold pieces at shops.

Inventory:

Hand weapons
 a - a +0 flail
 m - a +2 whip of freezing (weapon)
Armour
 c - a +0 shield (worn)
 j - a +2 helmet (worn)
 l - a +1 large shield
 n - a +1 pair of gloves (worn)
 q - a +0 chain mail (worn)
Magical devices
 f - a wand of flame (6) {unknown}
Comestibles
 d - 4 bread rations
 g - 2 meat rations
 p - 8 fruits
 x - 3 chunks of centaur flesh
 A - a slice of pizza
Scrolls
 b - 3 scrolls of identify
 o - a scroll of fog
 s - a scroll of enchant weapon {unknown}
 t - a scroll of amnesia
 u - a scroll of remove curse
 w - 3 scrolls of teleportation
 y - a scroll of magic mapping {unknown}
Potions
 e - a potion of might
 h - a potion of heal wounds {unknown}
 i - a potion of cancellation {unknown}
 k - a potion of invisibility {unknown}
 r - 3 potions of porridge
 v - a potion of cure mutation {unknown}
 z - a potion of confusion {unknown}
 B - a potion of restore abilities {unknown}


   Skills:
 - Level 3.2 Fighting
 * Level 9.5 Maces & Flails
 - Level 3.2 Armour
 - Level 3.2 Shields


You had 7 spell levels left.
You didn't know any spells.

Dungeon Overview and Level Annotations

Branches:
Dungeon (7/15)             Temple (1/1) D:4

Altars:
Ashenzari
Cheibriados
Dithmenos
Elyvilon
Fedhas
Kikubaaqudgha
Makhleb
Nemelex Xobeh
Okawaru
Qazlal
Sif Muna
Trog
Vehumet
Xom
Yredelemnul
Zin

Shops:
D:4 ?

Annotations:
D:5 Dowan, Duvessa


Innate Abilities, Weirdness & Mutations

You are resistant to torment.
You are immune to poison.
Your stone body is very resilient (AC +5).
You resist negative energy.
You are resistant to electric shocks.
You can survive without breathing.
You are immune to petrification.
You are immune to rotting.


Message History

Okavaru aksepts yur kil.
No target in viev!
Eat ein of 4 chunks of sentaur flesch? (ye/n/q/i?) Zis rav flesch tastes teribl.
Yu kontinu eating. x2
Zings zat are her: ann unkursed gloving schortbov; 21 arovs; a hund korpse Yu ofer a prayer to Okavaru.
Ze hund korps ist konsumed by flam.
Okavaru ist nonkomital.
y - a skrol labeled TUDOAP ASEABRI Yu se her ann arov.
A giant spor komes into viev.
Ze giant spor moves ut of viev.
Fund a ston stairkas leading up.
Yu klosely mis ze giant spor.
Ze giant spor explodes!
Ze explosion of spores engulfs yu!
Uch!
Zat realy hurt!
Yu die.

### ##.## ##.#.##
#<###(#########
#.## ##(()[....#
## ##)#######.#
#.(....###%##...
#.##....@[.....#
###.#.....#.##.#
#.#........#
...P............#
#...#........##<#
#..........#...
#..###...$##.## .
#..### .. ....


There were no monsters in sight!

Vanquished Creatures
  A human (D:2)
  2 centaurs (D:7)
  A scorpion (D:6)
  A crimson imp (D:6)
  A human zombie (D:2)
  2 hounds
  A giant frog zombie (D:6)
  A jelly (D:6)
  2 orc priests
  3 orc wizards
  A centaur skeleton (D:6)
  A human skeleton (D:2)
  2 worker ants
  9 adders
  2 shadow imps
  A worm (D:3)
  A gnoll skeleton (D:4)
  3 oozes
  14 orcs
  13 bats
  5 giant cockroaches
  9 goblins
  10 hobgoblins
  7 jackals
  13 kobolds
  2 quokkas
  3 ball pythons
  8 giant geckos
  5 giant newts
  A goblin zombie (D:2)
  A hobgoblin skeleton (D:4)
  A kobold skeleton (D:4)
  An orc skeleton (D:4)
  15 rats
  A rat skeleton (D:6)
144 creatures vanquished.

Notes
Turn   | Place    | Note
--------------------------------------------------------------
     0 | D:1      | Khodoque, the Gargoyle Fighter, began the quest for the Orb.
     0 | D:1      | Reached XP level 1. HP: 14/14 MP: 1/1
   355 | D:1      | Reached XP level 2. HP: 19/19 MP: 2/2
   894 | D:1      | Reached XP level 3. HP: 23/23 MP: 3/3
   956 | D:2      | Reached skill level 4 in Maces & Flails
   956 | D:2      | Reached XP level 4. HP: 20/28 MP: 4/4
  1373 | D:2      | Noticed a human
  1388 | D:2      | Found a basalt altar of Yredelemnul.
  1413 | D:2      | Killed a human
  1413 | D:2      | Reached skill level 6 in Maces & Flails
  1413 | D:2      | Reached XP level 5. HP: 10/32 MP: 5/5
  1413 | D:2      | Reached XP level 6. HP: 11/37 MP: 6/6
  2335 | D:3      | Found a stormy altar of Qazlal.
  2745 | D:3      | Reached skill level 7 in Maces & Flails
  3379 | D:4      | Found a staircase to the Ecumenical Temple.
  3385 | Temple   | Entered the Ecumenical Temple
  3437 | Temple   | Became a worshipper of Warmaster Okawaru
  3737 | D:4      | Reached XP level 7. HP: 28/41 MP: 7/7
  3888 | D:4      | Found a shattered altar of Ashenzari.
  3890 | D:4      | Found a deep blue altar of Sif Muna.
  3891 | D:4      | Found a bloodstained altar of Trog.
  4372 | D:4      | Found Stuwn's Magic Scroll Shop.
  4375 | D:4      | Bought a scroll of teleportation for 39 gold pieces
  4375 | D:4      | Bought a scroll of teleportation for 39 gold pieces
  4375 | D:4      | Bought a scroll of teleportation for 39 gold pieces
  4400 | D:5      | Entered Level 5 of the Dungeon
  4402 | D:5      | Noticed Duvessa
  4518 | D:5      | Noticed Dowan
  4565 | D:6      | Reached skill level 8 in Maces & Flails
  5355 | D:7      | Reached skill level 9 in Maces & Flails
  5355 | D:7      | Reached XP level 8. HP: 30/46 MP: 8/8
  5397 | D:7      | Killed by an exploding giant spore

Action                   |  1- 3 |  4- 6 |  7- 9 || total
-------------------------+-------+-------+-------++-------
Melee: Flail             |    79 |   102 |       ||   181
       Whip              |       |   179 |   216 ||   395
  Use: Scroll            |     3 |     3 |     3 ||     9
       Potion            |       |     1 |       ||     1
  Eat: Chunk             |       |     8 |     7 ||    15
